 Dungeon Crawl Stone Soup version 0.23-a0-837-ga3e6480 (webtiles) character file.

3692 poirepourri the Thaumaturge (level 9, -2/40 HPs)
             Began as a Spriggan Enchanter on Jan 24, 2019.
             Was a Follower of Dithmenos.
             Slain by an orc wizard
             ... wielding a +2 dagger of electrocution
              (14 damage)
             ... on level 8 of the Dungeon.
             The game lasted 00:10:32 (9867 turns).

poirepourri the Thaumaturge (Spriggan Enchanter)    Turns: 9867, Time: 00:10:33

Health: -2/40      AC:  4    Str:  4    XL:     9   Next: 90%
Magic:  23/26      EV: 18    Int: 21    God:    Dithmenos [*.....]
Gold:   322        SH:  0    Dex: 19    Spells: 20/32 levels left

rFire    . . .     SeeInvis +   a - +5 dagger
rCold    . . .     Gourm    .   (shield restricted)
rNeg     . . .     Faith    .   b - +0 robe
rPois    +         Spirit   .   (helmet restricted)
rElec    .         Reflect  .   m - +1 cloak
rCorr    .         Harm     .   (gloves unavailable)
MR       +....                  (boots unavailable)
Stlth    ++++++....             (no amulet)
HPRegen  0.13/turn              j - +4 ring of intelligence
MPRegen  0.20/turn              p - ring of poison resistance

@: wreathed by umbra, very quick
A: very small, unfitting armour, see invisible, herbivore, speed 3, slow
metabolism 2
a: Renounce Religion


You were on level 8 of the Dungeon.
You worshipped Dithmenos.
Dithmenos was aware of your devotion.
You were not hungry.

You visited 2 branches of the dungeon, and saw 11 of its levels.

You collected 322 gold pieces.

Inventory:

Hand Weapons
 a - a +5 dagger (weapon)
Missiles
 u - 3 tomahawks (quivered)
Armour
 b - a +0 robe (worn)
 m - a +1 cloak (worn)
Jewellery
 c - an uncursed amulet of guardian spirit {unknown}
 j - a +4 ring of intelligence (left hand)
 o - an uncursed ring of flight
 p - a ring of poison resistance (right hand)
 q - an uncursed amulet of harm
 t - an uncursed ring of protection from cold {unknown}
Wands
 n - a wand of enslavement (7)
 r - a wand of disintegration (19)
 x - a wand of acid (9)
 A - a wand of flame (16)
Scrolls
 f - 4 scrolls of remove curse
 v - a scroll of fog
 w - 2 scrolls of teleportation
 y - a scroll of identify
 C - a scroll of summoning {unknown}
Potions
 e - a potion of brilliance {unknown}
 g - a potion of mutation
 h - a potion of cancellation {unknown}
 i - 2 potions of agility
 l - a potion of resistance {unknown}
 s - a potion of might {unknown}
 B - a potion of flight {unknown}
Comestibles
 d - 10 rations


   Skills:
 + Level 0.4 Fighting
 - Level 1.1 Short Blades
 - Level 3.0 Dodging
 - Level 10.2 Stealth
 - Level 12.3 Spellcasting
 - Level 9.9 Hexes


You had 20 spell levels left.
You knew the following spells:

 Your Spells              Type           Power        Failure   Level  Hunger
a - Corona                Hex            ######.      1%          1    None
b - Ensorcelled Hibernat  Hex/Ice        ####..       1%          2    None
c - Confuse               Hex            ######..     1%          3    None
d - Tukima's Dance        Hex            ######..     1%          3    None
e - Dazzling Spray        Conj/Hex       ####..       1%          3    None

Your spell library contained the following spells:

 Spells                   Type           Power        Failure   Level  Hunger
 Confusing Touch          Hex            ######       1%          1    None
 Animate Skeleton         Necr           N/A          5%          1    None
 Apportation              Tloc           ##....       5%          1    None
 Summon Small Mammal      Summ           ##..         5%          1    None


Dungeon Overview and Level Annotations

Branches:
Dungeon (10/15)            Temple (1/1) D:5
   Lair: D:8-11         Orc: D:9-12

Altars:
Dithmenos
Gozag
Kikubaaqudgha
Makhleb
Nemelex Xobeh
Okawaru
Qazlal
Ru
Sif Muna
Trog
Uskayaw
Vehumet
Wu Jian
Zin
The Shining One

Shops:
D:4 [


Innate Abilities, Weirdness & Mutations

You are very small and have problems with some larger weapons.
You are too small for most types of armour.
You have supernaturally acute eyesight. (SInv)
You are a herbivore.
You cover ground extremely quickly.
You need to consume almost no food.


Message History

Confirm with . or Enter, or press ? or * to list all spells.
Aiming: Ensorcelled Hibernation (safe; 1% risk of failure)
Press: ? - help, Shift-Dir - straight line, f - orc wizard
Aim: an orc wizard, wielding a +0 dagger and wearing a +0 robe (umbra, chance to defeat MR: 62%)
The orc wizard looks drowsy...
The orc wizard hits you but does no damage.
You are electrocuted!
* * * LOW HITPOINT WARNING * * *
The helpless orc wizard fails to defend itself.
You perforate the orc wizard like a sieve!!!
You kill the orc wizard!
Dithmenos accepts your kill.
The orc wizard hits you with a +2 dagger of electrocution.
* * * LOW HITPOINT WARNING * * *
Unknown command.
You feel better.
The orc wizard hits you with a +2 dagger of electrocution.
* * * LOW HITPOINT WARNING * * *
You are electrocuted!
You die...

.## #.# #....#
..##.# ##....#
#.=.###.....#
##..........#
##....#....#.#
#...#........###
#.#...#.####...###
#))..##.# ###...#
#@#####.# ###..
#o# #.# ##. #o#
#.#########. #.#
#........... #/#
###########. #.#
#. #.# #. #.#
####. #....


You could see an orc wizard and an orc.

Vanquished Creatures
  2 trolls (D:9)
  Prince Ribbit (D:6)
  A hippogriff (D:9)
  Sigmund (D:2)
  Eustachio (D:6)
  Edmund (D:6)
  An ice beast (D:9)
  A sky beast (D:10)
  A necrophage (D:8)
  An ogre (D:9)
  A centaur (D:8)
  A water moccasin zombie (D:9)
  2 scorpions
  3 wights (D:9)
  A howler monkey (D:4)
  A quasit (D:5)
  A bullfrog zombie (D:5)
  2 crimson imps (D:9)
  A jelly (D:10)
  4 orc wizards
  Crazy Yiuf (D:2)
  2 orc priests
  2 hounds
  2 centaur skeletons
  Jessica (D:3)
  Ijyb (D:3)
  Terence (D:2)
  5 worker ants
  A hound zombie (D:8)
  A gnoll (D:5)
  12 adders
  2 oozes
  An adder skeleton (D:4)
  2 worms
  3 dart slugs
  2 leopard geckos
  23 orcs
  8 giant cockroaches
  4 goblins
  7 hobgoblins
  3 jackals (D:3)
  A quokka (D:2)
  11 bats
  7 frilled lizards
  10 kobolds
  A leopard gecko zombie (D:5)
  6 rats
148 creatures vanquished.

Vanquished Creatures (collateral kills)
  A two-headed ogre (D:10)
1 creature vanquished.

Vanquished Creatures (others)
  A dancing weapon (D:8)
1 creature vanquished.

Grand Total: 150 creatures vanquished

Notes
Turn   | Place    | Note
-------+----------+-------------------------------------------
     0 | D:1      | poirepourri the Spriggan Enchanter began the quest for the
                  | Orb.
     0 | D:1      | Reached XP level 1. HP: 9/9 MP: 5/5
   719 | D:1      | Reached skill level 5 in Stealth
  1282 | D:1      | Reached XP level 2. HP: 8/13 MP: 6/6
  1400 | D:1      | Learned a level 2 spell: Ensorcelled Hibernation
  1949 | D:2      | Reached XP level 3. HP: 16/16 MP: 2/8
  2221 | D:2      | Learned a level 3 spell: Confuse
  2315 | D:2      | Noticed Sigmund
  2322 | D:2      | Killed Sigmund
  2322 | D:2      | Reached XP level 4. HP: 21/21 MP: 6/9
  2322 | D:2      | Reached XP level 5. HP: 24/24 MP: 6/10
  2826 | D:2      | Reached skill level 10 in Stealth
  2975 | D:2      | Noticed Terence
  2978 | D:2      | Killed Terence
  3100 | D:2      | Found a runed door.
  3160 | D:2      | Noticed Crazy Yiuf
  3164 | D:2      | Killed Crazy Yiuf
  3164 | D:2      | Reached skill level 3 in Spellcasting
  3164 | D:2      | Reached XP level 6. HP: 28/28 MP: 11/11
  3218 | D:3      | Learned a level 3 spell: Tukima's Dance
  3262 | D:3      | Noticed Jessica
  3266 | D:3      | Killed Jessica
  3272 | D:3      | Found a deep blue altar of Sif Muna.
  3635 | D:3      | Noticed Ijyb
  3638 | D:3      | Killed Ijyb
  3638 | D:3      | Reached skill level 4 in Spellcasting
  4578 | D:4      | Reached skill level 5 in Spellcasting
  4728 | D:4      | Learned a level 3 spell: Dazzling Spray
  4961 | D:4      | Reached XP level 7. HP: 24/32 MP: 2/16
  5113 | D:4      | Reached skill level 6 in Spellcasting
  5438 | D:4      | Found Uretto's Antique Armour Shoppe.
  5930 | D:5      | Entered Level 5 of the Dungeon
  5970 | D:5      | Found a staircase to the Ecumenical Temple.
  6018 | D:5      | Reached skill level 7 in Spellcasting
  6346 | Temple   | Entered the Ecumenical Temple
  6621 | Temple   | Became a worshipper of Dithmenos the Shadowed
  6812 | D:5      | Found an iron altar of Okawaru.
  7093 | D:6      | Found a radiant altar of Vehumet.
  7103 | D:6      | Noticed Edmund
  7108 | D:6      | Noticed Prince Ribbit
  7128 | D:6      | Reached skill level 8 in Spellcasting
  7242 | D:6      | Killed Prince Ribbit
  7242 | D:6      | Reached skill level 5 in Hexes
  7242 | D:6      | Reached XP level 8. HP: 8/36 MP: 11/21
  7250 | D:6      | Killed Edmund
  7371 | D:6      | Noticed Eustachio
  7384 | D:6      | Killed Eustachio
  7736 | D:7      | You fall through a shaft for 3 floors!
  7736 | D:10     | Entered Level 10 of the Dungeon
  7892 | D:10     | Noticed a two-headed ogre
  7941 | D:10     | Killed a two-headed ogre
  8150 | D:10     | Reached XP level 9. HP: 39/39 MP: 18/22
  8378 | D:9      | Noticed a troll
  8387 | D:9      | Killed a troll
  8387 | D:9      | Reached skill level 9 in Spellcasting
  8570 | D:9      | Reached skill level 10 in Spellcasting
  8824 | D:9      | Reached * piety under Dithmenos
  9018 | D:9      | Reached skill level 11 in Spellcasting
  9324 | D:9      | Noticed a troll
  9341 | D:9      | Killed a troll
  9412 | D:8      | Reached skill level 12 in Spellcasting
  9867 | D:8      | Slain by an orc wizard

Vault maps used:
D:1:      dpeg_arrival_orchard, minmay_crystal_room
D:2:      first_ration, uniq_sigmund, uniq_terence, uniq_crazy_yiuf_cottage
D:3:      minmay_skewed_foursquare, tgw_sif, uniq_ijyb
D:4:      serial_shops, nicolae_shop_competitors_out_of_business, minmay_puff
D:5:      okawaru_altar_gauntlet_db, minmay_temple_entry_ruins
D:6:      lemuel_crystal_altar, serial_bayou_pond_e,
          hangedman_abyss_or_decor_jellyfish_corner, kennysheep_generic_room_4,
          uniq_prince_ribbit1, uniq_edmund, uniq_eustachio
D:7:      gammafunk_beogh_shrine, slow_altar_2, uniq_pikel
D:8:      minmay_razor_zed, kennysheep_ying_yang, nicolae_ashenzari_panopticon,
          kennysheep_mini_moat, serial_shops, shop, grunt_dithmenos_smoke
D:9:      xom_teletrap_fun, fedhas_altar_2, hangedman_fish_farm
Temple:   minmay_temple_forest_path

Skill      XL: |  1  2  3  4  5  6  7  8  9 |
---------------+----------------------------+-----
Stealth        | 5 6 9 10 | 10.2
Spellcasting   | 3 5 8 12 | 12.3
Hexes          | 5 9 |  9.9
Fighting       | |  0.4
Short Blades   | |  1.1
Dodging        | |  3.0

Action                   |  1- 3 |  4- 6 |  7- 9 || total
-------------------------+-------+-------+-------++-------
Melee: Dagger            |   108 |   164 |   246 ||   518
 Cast: Corona            |     8 |       |       ||     8
       Ensorcelled Hiber |    14 |    16 |    35 ||    65
       Confuse           |       |     6 |    31 ||    37
       Dazzling Spray    |       |     3 |    13 ||    16
       Tukima's Dance    |       |       |     3 ||     3
Evoke: Wand              |       |     3 |       ||     3
  Use: Scroll            |     2 |     7 |     9 ||    18
       Potion            |       |       |     7 ||     7
 Stab: Sleeping          |    18 |    31 |    34 ||    83
       Distracted        |     1 |       |     1 ||     2
       Confused          |       |     1 |    25 ||    26
  Eat: Ration            |       |     2 |     4 ||     6
Armor: Robe              |     8 |    17 |    31 ||    56
Dodge: Dodged            |    95 |   100 |   223 ||   418

Table legend:
 A = Non-vault XP
 B = Vault XP
 C = Vault XP percentage of total XP
 D = Non-vault monster count
 E = Vault monster count
 F = Vault count percentage of total count
                 A         B        C        D         E       F
            +---------+---------+-------+---------+---------+-------
      Total |    4101 |    1174 |  22.3 |     126 |      23 |  15.4
            +---------+---------+-------+---------+---------+-------
        D:1 |      20 |       0 |   0.0 |      14 |       0 |   0.0
        D:2 |      69 |     315 |  82.0 |      23 |       3 |  11.5
        D:3 |      82 |     106 |  56.4 |      19 |       8 |  29.6
        D:4 |     297 |      39 |  11.6 |      23 |       2 |   8.0
        D:5 |     205 |      27 |  11.6 |      15 |       6 |  28.6
        D:6 |     136 |     687 |  83.5 |       5 |       4 |  44.4
        D:7 |      46 |       0 |   0.0 |       2 |       0 |   0.0
        D:8 |     367 |       0 |   0.0 |       8 |       0 |   0.0
        D:9 |    1954 |       0 |   0.0 |      14 |       0 |   0.0
       D:10 |     925 |       0 |   0.0 |       3 |       0 |   0.0
            +---------+---------+-------+---------+---------+-------
